 Dungeon Crawl Stone Soup version 0.23-a0-356-g1757c6e (webtiles) character file.

711 Garbasso the Magician (level 7, 0/51 HPs)
             Began as a Gnoll Wizard on Oct 21, 2018.
             Slain by a bullfrog (8 damage)
             ... on level 6 of the Dungeon.
             The game lasted 00:21:31 (5452 turns).

Garbasso the Magician (Gnoll Wizard)                Turns: 5452, Time: 00:21:32

Health: 0/51       AC:  5    Str:  9    XL:     7   Next: 68%
Magic:  2/18       EV: 15    Int: 23    God:
Gold:   177        SH:  0    Dex: 13    Spells: 7/21 levels left

rFire    . . .     SeeInvis .   f - +2 spear (vamp)
rCold    . . .     Gourm    .   (no shield)
rNeg     . . .     Faith    .   x - +0 robe of Syepnyt {rElec} (curse)
rPois    .         Spirit   .   u - +0 helmet
rElec    +         Reflect  .   r - +1 cloak
rCorr    .         Harm     .   (no gloves)
MR       .....                  (no boots)
Stlth    ++++......             (no amulet)
HPRegen  0.17/turn              v - ring of stealth
MPRegen  0.16/turn              (no ring)

@: no status effects
A: distributed training, fangs 1, strong nose
a: no special abilities


You were on level 6 of the Dungeon.
You were not hungry.

You visited 1 branch of the dungeon, and saw 6 of its levels.
You also visited: Sewer.

You collected 308 gold pieces.
You spent 131 gold pieces at shops.

Inventory:

Hand Weapons
 f - a +2 vampiric spear (weapon)
Armour
 a - a +0 robe
 r - a +1 cloak (worn)
 u - a +0 helmet (worn)
 x - the cursed +0 robe of Syepnyt (worn) {rElec}
   (You bought it in a shop on level 6 of the Dungeon)

   It insulates you from electricity.
   It has a curse placed upon it.
Magical Staves
 m - an uncursed staff of fire {unknown}
Jewellery
 q - an uncursed ring of fire
 v - a ring of stealth (left hand)
Wands
 n - a wand of enslavement (15)
Scrolls
 d - 5 scrolls of teleportation
 j - a scroll of blinking
 l - 4 scrolls of fear
 o - 3 scrolls of fog
 w - 2 scrolls of remove curse
Potions
 b - a potion of invisibility {unknown}
 c - 4 potions of might
 e - a potion of lignification {unknown}
 g - 3 potions of agility {unknown}
 h - 2 potions of mutation {unknown}
 k - 4 potions of flight {unknown}
 p - a potion of heal wounds {unknown}
 s - a potion of brilliance {unknown}
 t - a potion of ambrosia {unknown}
 z - a potion of haste {unknown}
Comestibles
 i - 10 rations


   Skills:
 + Level 2.6 Fighting
 + Level 2.6 Short Blades
 + Level 2.6 Long Blades
 + Level 2.6 Axes
 + Level 2.6 Maces & Flails
 + Level 2.6 Polearms
 + Level 2.6 Staves
 + Level 2.6 Slings
 + Level 2.6 Bows
 + Level 2.6 Crossbows
 + Level 2.6 Throwing
 + Level 2.6 Armour
 + Level 5.3 Dodging
 + Level 5.0 Stealth
 + Level 2.6 Shields
 + Level 2.6 Unarmed Combat
 + Level 7.6 Spellcasting
 + Level 3.0 Conjurations
 + Level 2.1 Hexes
 + Level 2.1 Charms
 + Level 3.0 Summonings
 + Level 2.1 Necromancy
 + Level 3.0 Translocations
 + Level 2.1 Transmutations
 + Level 2.1 Fire Magic
 + Level 2.1 Ice Magic
 + Level 2.1 Air Magic
 + Level 2.1 Earth Magic
 + Level 2.1 Poison Magic
 + Level 2.9 Invocations
 + Level 2.6 Evocations


You had 7 spell levels left.
You knew the following spells:

 Your Spells              Type           Power        Failure   Level  Hunger
a - Magic Dart            Conj           ###.         1%          1    None
b - Blink                 Tloc           N/A          3%          2    None
c - Call Imp              Summ           ###.....     3%          2    None
d - Mephitic Cloud        Conj/Pois/Air  ###.....     8%          3    None
e - Conjure Flame         Conj/Fire      ###.....     8%          3    None
f - Confuse               Hex            ###.....     9%          3    None

Your spell library contained the following spells:

 Spells                   Type           Power        Failure   Level  Hunger
 Confusing Touch          Hex            ###...       3%          1    None
 Slow                     Hex            ###.....     4%          2    None
 Gell's Gravitas          Tloc           ###.......   6%          3    None
 Petrify                  Tmut/Erth      ###.....     30%         4    ###....
 Metabolic Englaciation   Hex/Ice        ###.......   63%         5    #####..
 Yara's Violent Unravell  Hex/Tmut       ###.......   63%         5    #####..


Dungeon Overview and Level Annotations

Branches:
Dungeon (6/15)
 Temple: D:4-7

Altars:

Shops:
D:6 *


Innate Abilities, Weirdness & Mutations

Your experience applies equally to all skills.
You have very sharp teeth.
Your uncanny sense of smell can sniff out nearby items.


Message History

Your crimson imp blinks!
You feel sick.
You are no longer poisoned.
The bullfrog misses you.
Your crimson imp blinks!
The bullfrog hits you.
* * * LOW HITPOINT WARNING * * *
Your crimson imp closely misses the bullfrog.
The bullfrog hits you.
* * * LOW HITPOINT WARNING * * *
Something bites your crimson imp.
Your crimson imp blinks!
The bullfrog closely misses you.
Casting: Call Imp (safe; 3% risk of failure)
Confirm with . or Enter, or press ? or * to list all spells.
Aiming: Confuse (safe; 9% risk of failure)
Press: ? - help, Shift-Dir - straight line, f - bullfrog
Aim: a bullfrog (chance to defeat MR: 49%)
The bullfrog resists with some effort.
The bullfrog hits you!
You die...

#.###.###go######.....#
#......%oao...........##o
#######o.#..##########......o.
#....5...##.# #.....##.
#.######.##)# #.....#
#.###..o.##.# #######
#a#..#...##.#
#..#...#.o#.#########
#..o.#.o..o.F@......#
#..#...#.##.#######.#
#.#..#...#r#.#
.[.###.#...###.#
...........##.# .#
.........>.....# #
############.### ..# . ..


You could see a bullfrog, 3 orcs and a quokka.

Vanquished Creatures
  An ogre (D:6)
  2 scorpions (D:4)
  A crimson imp (D:5)
  A bullfrog zombie (D:5)
  2 hounds
  A quasit (D:6)
  3 orc wizards
  Jessica (D:2)
  2 iguanas
  A hound skeleton (D:5)
  A howler monkey skeleton (D:4)
  6 adders
  An adder zombie (D:5)
  2 dart slugs
  3 leopard geckos
  18 orcs
  12 bats
  2 giant cockroaches
  7 goblins
  9 hobgoblins
  4 jackals (Sewer)
  8 kobolds
  3 quokkas (D:2)
  2 ball pythons
  11 frilled lizards
  A jackal skeleton (D:4)
  A quokka zombie (D:6)
  10 rats
116 creatures vanquished.

Vanquished Creatures (collateral kills)
  A scorpion (D:6)
  An orc priest (D:4)
  An iguana (D:6)
  A shadow imp (D:5)
  4 worms
  A leopard gecko (Sewer)
  6 orcs
  2 ball pythons (Sewer)
  3 bats (Sewer)
  A giant cockroach (Sewer)
  A hobgoblin (D:3)
  A leopard gecko zombie (D:5)
23 creatures vanquished.

Grand Total: 139 creatures vanquished

Notes
Turn   | Place    | Note
-------+----------+-------------------------------------------
     0 | D:1      | Garbasso the Gnoll Wizard began the quest for the Orb.
     0 | D:1      | Reached XP level 1. HP: 13/13 MP: 8/8
    42 | D:1      | Reached XP level 2. HP: 19/19 MP: 1/10
   364 | D:1      | Learned a level 2 spell: Blink
   367 | D:1      | Learned a level 2 spell: Call Imp
   544 | D:1      | Reached XP level 3. HP: 21/25 MP: 11/11
   574 | D:1      | Learned a level 3 spell: Mephitic Cloud
   578 | D:1      | Learned a level 3 spell: Conjure Flame
   934 | D:2      | Reached skill level 1 in Invocations
  1549 | D:2      | Reached skill level 1 in Fighting
  1549 | D:2      | Reached skill level 1 in Short Blades
  1549 | D:2      | Reached skill level 1 in Long Blades
  1549 | D:2      | Reached skill level 1 in Axes
  1549 | D:2      | Reached skill level 1 in Maces & Flails
  1549 | D:2      | Reached skill level 1 in Polearms
  1549 | D:2      | Reached skill level 1 in Staves
  1549 | D:2      | Reached skill level 1 in Slings
  1549 | D:2      | Reached skill level 1 in Bows
  1549 | D:2      | Reached skill level 1 in Crossbows
  1549 | D:2      | Reached skill level 1 in Throwing
  1549 | D:2      | Reached skill level 1 in Armour
  1549 | D:2      | Reached skill level 1 in Shields
  1549 | D:2      | Reached skill level 1 in Unarmed Combat
  1549 | D:2      | Reached skill level 1 in Evocations
  1856 | D:2      | Reached XP level 4. HP: 24/32 MP: 7/13
  2255 | D:2      | Noticed Jessica
  2260 | D:2      | Killed Jessica
  2260 | D:2      | Reached skill level 1 in Hexes
  2260 | D:2      | Reached skill level 1 in Charms
  2260 | D:2      | Reached skill level 1 in Necromancy
  2260 | D:2      | Reached skill level 1 in Transmutations
  2260 | D:2      | Reached skill level 1 in Fire Magic
  2260 | D:2      | Reached skill level 1 in Ice Magic
  2260 | D:2      | Reached skill level 1 in Air Magic
  2260 | D:2      | Reached skill level 1 in Earth Magic
  2260 | D:2      | Reached skill level 1 in Poison Magic
  2652 | D:3      | Reached XP level 5. HP: 37/37 MP: 14/14
  2659 | D:3      | Learned a level 3 spell: Confuse
  3286 | D:4      | Reached XP level 6. HP: 44/44 MP: 13/16
  3562 | D:4      | Reached skill level 5 in Dodging
  3726 | D:4      | Found a glowing drain.
  3734 | Sewer    | Entered a sewer
  4350 | D:5      | Entered Level 5 of the Dungeon
  4670 | D:5      | Reached XP level 7. HP: 39/50 MP: 18/18
  5040 | D:6      | Found Ikhiurack's Assorted Antiques.
  5104 | D:6      | Bought a faintly glowing robe for 131 gold pieces
  5114 | D:6      | Identified the cursed +0 robe of Syepnyt {rElec} (You
                  | bought it in a shop on level 6 of the Dungeon)
  5401 | D:6      | Reached skill level 5 in Stealth
  5452 | D:6      | Slain by a bullfrog

Vault maps used:
D:1:      scummos_arrival_simple_crosswalls, minivault_5, minmay_door_square,
          moated_statue
D:2:      serial_forest, infiniplex_forest_clump_double,
          infiniplex_forest_3_way, infiniplex_forest_clump_double,
          infiniplex_forest_lined_room_2, infiniplex_forest_lined_2,
          infiniplex_forest_lined_3_way, infiniplex_forest_straight_2,
          infiniplex_forest_straight_2, kennysheep_jessica_study
D:4:      cheibrodos_sewer_entry_bend
D:5:      first_ration
D:6:      serial_shops, nicolae_shop_overgrown_old_shop, hex_tiny
Sewer:    sewer_fruit_machine

Skill      XL: |  1  2  3  4  5  6  7 |
---------------+----------------------+-----
Conjurations   | 2 3 |  3.0
Summonings     | 2 3 |  3.0
Translocations | 2 3 |  3.0
Invocations    | 1 2 |  2.9
Fighting       | 1 2 |  2.6
Short Blades   | 1 2 |  2.6
Long Blades    | 1 2 |  2.6
Axes           | 1 2 |  2.6
Maces & Flails | 1 2 |  2.6
Polearms       | 1 2 |  2.6
Staves         | 1 2 |  2.6
Slings         | 1 2 |  2.6
Bows           | 1 2 |  2.6
Crossbows      | 1 2 |  2.6
Throwing       | 1 2 |  2.6
Armour         | 1 2 |  2.6
Shields        | 1 2 |  2.6
Unarmed Combat | 1 2 |  2.6
Evocations     | 1 2 |  2.6
Hexes          | 1 2 |  2.1
Charms         | 1 2 |  2.1
Necromancy     | 1 2 |  2.1
Transmutations | 1 2 |  2.1
Fire Magic     | 1 2 |  2.1
Ice Magic      | 1 2 |  2.1
Air Magic      | 1 2 |  2.1
Earth Magic    | 1 2 |  2.1
Poison Magic   | 1 2 |  2.1
Dodging        | 5 |  5.3
Stealth        | 5 |  5.0
Spellcasting   | |  7.6

Action                   |  1- 3 |  4- 6 |  7- 9 || total
-------------------------+-------+-------+-------++-------
Melee: Spear             |    84 |   218 |    70 ||   372
       Bite              |     3 |    10 |     5 ||    18
       Punch             |       |     1 |     1 ||     2
 Cast: Magic Dart        |    38 |    41 |    20 ||    99
       Call Imp          |     2 |    19 |    13 ||    34
       Blink             |     1 |     3 |     1 ||     5
       Mephitic Cloud    |       |     2 |     5 ||     7
       Confuse           |       |     9 |     4 ||    13
  Use: Scroll            |       |     9 |     1 ||    10
 Stab: Distracted        |     2 |     1 |     1 ||     4
       Sleeping          |     8 |    13 |     3 ||    24
       Confused          |       |     4 |       ||     4
  Eat: Ration            |     1 |       |       ||     1
       Chunk             |     4 |     9 |     3 ||    16
Armor: Robe              |     9 |    40 |    17 ||    66
Dodge: Dodged            |    57 |   134 |    55 ||   246

Table legend:
 A = Non-vault XP
 B = Vault XP
 C = Vault XP percentage of total XP
 D = Non-vault monster count
 E = Vault monster count
 F = Vault count percentage of total count
                 A         B        C        D         E       F
            +---------+---------+-------+---------+---------+-------
      Total |     951 |      66 |   6.5 |     115 |      24 |  17.3
            +---------+---------+-------+---------+---------+-------
        D:1 |      45 |       0 |   0.0 |      28 |       0 |   0.0
        D:2 |      69 |      32 |  31.7 |      21 |       2 |   8.7
        D:3 |      80 |       0 |   0.0 |      22 |       0 |   0.0
        D:4 |     251 |       8 |   3.1 |      14 |       2 |  12.5
        D:5 |     192 |       0 |   0.0 |      15 |       0 |   0.0
        D:6 |     314 |       0 |   0.0 |      15 |       0 |   0.0
      Sewer |       0 |      26 | 100.0 |       0 |      20 | 100.0
            +---------+---------+-------+---------+---------+-------
